 Dungeon Crawl Stone Soup version 0.30-a0-358-g0d69a1922f (webtiles) character file.

Game seed: 14973321825091999336

7594 mopl the Destroyer (level 10, -6/69 HPs)
             Began as a Grey Draconian Fire Elementalist on Nov 10, 2022.
             Was a Priest of Vehumet.
             Mangled by a death knight
             ... wielding a +4 battleaxe
              (29 damage)
             ... on level 9 of the Dungeon.
             The game lasted 00:27:11 (11229 turns).

mopl the Destroyer (DrFE)                          Turns: 11229, Time: 00:27:13

Health: -6/69      AC: 13    Str: 11    XL:     10   Next: 97%
Magic:  10/22      EV: 12    Int: 19    God:    Vehumet [***...]
Gold:   129        SH:  0    Dex: 12    Spells: 1/26 levels left

rFire   . . .      SeeInvis .    a - +8 trident of Contention {freeze, Stlth+}
rCold   . . .      Faith    .    (no shield)
rNeg    . . .      Spirit   .    (body armour unavailable)
rPois   .          Reflect  .    (helmet restricted)
rElec   .          Harm     .    (no cloak)
rCorr   .          Rampage  .    P - +0 pair of gloves
Will    .....                    (no boots)
Stlth   +++.......               (no amulet)
HPRegen 0.31/turn                (no ring)
MPRegen 0.18/turn                (no ring)

@: brilliant
A: AC +12, amphibious, unfitting armour, cold-blooded
a: Renounce Religion


You were on level 9 of the Dungeon.
You worshipped Vehumet.
Vehumet was most pleased with you.
You visited 2 branches of the dungeon, and saw 12 of its levels.
You also visited: Bailey.

You collected 629 gold pieces.
You spent 500 gold pieces at shops.

Inventory:

Hand Weapons
 a - the +8 trident of Contention (weapon) {freeze, Stlth+}
   (You found it on level 7 of the Dungeon)

   It freezes those it strikes, dealing additional cold damage.
   It can also slow down cold-blooded creatures.
   Stlth:     It makes you more stealthy.
 y - a +0 short sword of holy wrath
 D - the +1 trident of Valiance {pain, Drain Fly rCorr SInv}
   (You took it off a gnoll bouda on level 5 of the Dungeon)

   In the hands of one skilled in necromantic magic, it inflicts extra damage on
   living creatures.
   SInv:      It lets you see invisible.
   Fly:       It grants you flight.
   rCorr:     It protects you from acid and corrosion.
   Drain:     It drains your maximum health when unequipped.
 I - a +1 trident of venom
Missiles
 h - 6 javelins
 n - 2 boomerangs
 s - 27 poisoned darts
Armour
 P - a +0 pair of gloves (worn)
Jewellery
 q - an amulet of guardian spirit
 w - an amulet of faith {!P}
 Q - a ring of ice
Wands
 m - a wand of digging (4)
 C - a wand of flame (18)
 F - a wand of charming (12)
Scrolls
 b - 7 scrolls of teleportation
 f - 3 scrolls of identify
 g - 2 scrolls of amnesia
 k - a scroll of silence {!r}
 p - 3 scrolls of fog
 u - 2 scrolls of enchant weapon
 x - 2 scrolls of blinking
 B - 3 scrolls of magic mapping
 G - a scroll of enchant armour
 H - 2 scrolls of vulnerability
 J - a scroll of fear {unknown}
 K - a scroll of summoning {unknown}
 M - a scroll of acquirement {unknown}
Potions
 c - 2 potions of haste {unknown}
 d - 5 potions of mutation {unknown}
 e - 7 potions of curing
 i - 2 potions of flight
 j - 2 potions of magic
 l - 2 potions of resistance
 o - 3 potions of lignification {!q}
 r - 3 potions of heal wounds
 t - 2 potions of berserk rage {unknown}
 v - 2 potions of attraction {unknown}
 z - 3 potions of ambrosia
 A - 4 potions of might
 E - 3 potions of brilliance
 L - a potion of invisibility
 O - a potion of cancellation {unknown}


   Skills:
 - Level 1.7 Dodging
 - Level 1.7 Stealth
 * Level 8.7 Spellcasting
 * Level 9.3 Conjurations
 + Level 2.1 Hexes
 - Level 3.0 Translocations
 * Level 8.7 Fire Magic
 + Level 1.4 Earth Magic
 + Level 5.5 Evocations


You had one spell level left.
You knew the following spells:

 Your Spells              Type           Power      Damage    Failure   Level
a - Searing Ray           Conj           100%       2d8       1%          2
b - Scorch                Fire           100%       2d10      1%          2
c - Kindle Blastsparks    Fire/Tloc/Air  68%        2d15      1%          3
d - Sticky Flame          Conj/Fire      59%        2d7       1%          4
e - Foxfire               Conj/Fire      100%       2x1d9     1%          1
f - Iron Shot             Conj/Erth      21%        9d5       32%         6
g - Flame Wave            Conj/Fire      59%        2d14      1%          4
h - Inner Flame           Hex/Fire       43%        N/A       1%          3

Your spell library contained the following spells:

 Spells                   Type           Power      Damage    Failure   Level
 Ensorcelled Hibernation  Hex/Ice        36%        N/A       9%          2
 Passwall                 Tmut/Erth      13%        N/A       10%         2
 Swiftness                Air            12%        N/A       26%         3
 Blade Hands              Tmut           6%         N/A       93%         5
 Animate Armour           Summ/Erth      Unusable   N/A       N/A         4

Dungeon Overview and Level Annotations

Branches:
Dungeon (11/15)            Temple (1/1) D:4            Lair (0/5) D:8
 Bailey (visited)
    Orc: D:9-12

Altars:
Dithmenos
Makhleb
Nemelex Xobeh
Qazlal
Ru
Sif Muna
Trog
Vehumet
Zin

Shops:
D:1 :!:?!   D:3 [   D:8 =

Annotations:
D:1 books
D:3 Pargi
D:7 Dowan, Duvessa, Joseph


Innate Abilities, Weirdness & Mutations

Your dull iron-grey scales are very hard. (AC +12)
You are amphibious.
You cannot fit into any form of body armour.
You are cold-blooded and may be slowed by cold attacks.


Message History

Press: ? - help, Shift-Dir - straight line, f - death knight
Aim: a death knight, wielding a +4 battleaxe and wearing a +0 chain mail (56% to hit)
You throw a curare-tipped dart.
The curare-tipped dart closely misses the death knight.
Casting: Scorch (safe; 1% risk of failure)
Confirm with . or Enter, or press ? or * to list all spells.
Aiming: Sticky Flame (dangerous; 1% risk of failure)
Press: ? - help, Shift-Dir - straight line, f/p - death knight
Aim: a death knight, wielding a +4 battleaxe and wearing a +0 chain mail You feel a surge of power!
The sticky flame hits the death knight but does no damage.
The death knight is covered in liquid flames!
The death knight burns!
The death knight hits you with a +4 battleaxe!!
Casting: Sticky Flame (dangerous; 1% risk of failure)
Confirm with . or Enter, or press ? or * to list all spells.
You feel a surge of power!
Flames lash the death knight.
The death knight is moderately wounded.
The death knight's fire resistance burns away.
The death knight burns!
The death knight closely misses you.
Casting: Scorch (safe; 1% risk of failure)
Confirm with . or Enter, or press ? or * to list all spells.
You feel a surge of power!
Flames lash the death knight.
The death knight is burned terribly!
The death knight is moderately wounded.
The death knight burns!
The death knight completely misses you.
Casting: Scorch (safe; 1% risk of failure)
Confirm with . or Enter, or press ? or * to list all spells.
You feel a surge of power!
Flames lash the death knight.
The death knight is burned terribly!
The death knight is heavily wounded.
The death knight burns!
The death knight stops burning.
The death knight hits you with a +4 battleaxe!
Casting: Scorch (safe; 1% risk of failure)
Confirm with . or Enter, or press ? or * to list all spells.
You feel a surge of power!
Flames lash the death knight.
The death knight is burned terribly!
The death knight is severely wounded.
The death knight hits you with a +4 battleaxe!!
You die...

##.. ..# .#.. ...
##.#.. ... #..#.# #.#
#.##.# #.# ##(##.# #.#
##.#)#.# #.#
.########p###..###.####
........@## ##........#
.##..####.# #.#######.#
# ..#.# #.# .#.# #.#
...# #.### #.# # #....
#.# ##### #.#


You could see a death knight (combustible).

Vanquished Creatures
  2 vault guards (Bailey)
  2 hornets
  A slime creature (D:9)
  3 humans (Bailey)
  2 yaks (D:9)
  A steam dragon (D:8)
  2 wargs (D:8)
  Menkaure (D:7)
  A water moccasin (D:9)
  An orc warrior (D:8)
  3 sky beasts
  3 black bears
  3 ice beasts
  An ogre (D:7)
  3 centaurs
  A phantom (D:6)
  2 kobold brigands
  6 bullfrogs (Bailey)
  2 necrophages
  3 scorpions
  8 wights
  9 killer bees
  8 howler monkeys
  A gnoll bouda (D:5)
  3 hounds
  6 jellies
  4 orc priests
  Jessica (D:2)
  3 iguanas
  Natasha (thrice) (D:3)
  5 orc wizards
  4 gnolls (D:5)
  8 adders
  A white imp (D:7)
  2 ufetubi
  A worm (D:3)
  A dart slug (D:2)
  26 orcs
  6 endoplasms
  2 giant cockroaches
  8 hobgoblins
  5 quokkas
  8 ball pythons
  3 bats (D:2)
  6 frilled lizards
  13 goblins
  16 kobolds
  4 rats
208 creatures vanquished.

Vanquished Creatures (collateral kills)
  A yak (D:9)
  A killer bee (D:8)
  An orc priest (D:8)
3 creatures vanquished.

Vanquished Creatures (others)
  Prince Ribbit (Bailey)
  A yak (D:9)
  A human (Bailey)
  A killer bee (D:8)
  A kobold (D:8)
  15 foxfires (D:1)
  A plant (D:8)
21 creatures vanquished.

Grand Total: 232 creatures vanquished

Notes
Turn   | Place    | Note
-------+----------+-------------------------------------------
     0 | D:1      | mopl the Draconian Fire Elementalist began the quest for
                  | the Orb.
     0 | D:1      | Reached XP level 1. HP: 14/14 MP: 3/3
    71 | D:1      | Found Baanoffeipp's Distillery.
   103 | D:1      | Found Ykusasoe's Magic Scroll Boutique.
   112 | D:1      | Found a faded altar of an unknown god.
   355 | D:1      | Found Merritea's Book Shop.
   384 | D:1      | Found Egifet's Distillery.
   395 | D:1      | Reached XP level 2. HP: 18/20 MP: 1/5
   451 | D:1      | Learned a level 2 spell: Scorch
   737 | D:1      | Found Fuihileja's Book Emporium.
   979 | D:2      | Reached skill level 2 in Conjurations
  1254 | D:2      | Noticed Jessica
  1257 | D:2      | Killed Jessica
  1258 | D:2      | Reached skill level 3 in Spellcasting
  1258 | D:2      | Reached XP level 3. HP: 26/26 MP: 3/7
  1346 | D:2      | Learned a level 3 spell: Kindle Blastsparks
  1446 | D:2      | Reached XP level 4. HP: 33/33 MP: 5/8
  1614 | D:3      | Noticed Natasha
  1669 | D:3      | Killed Natasha
  1670 | D:3      | Reached skill level 3 in Conjurations
  1708 | D:3      | Noticed Pargi
  1746 | D:3      | Reached skill level 1 in Translocations
  1819 | D:3      | Noticed Natasha
  1874 | D:3      | Killed Natasha
  1998 | D:3      | Noticed Natasha
  2004 | D:3      | Killed Natasha
  2005 | D:3      | Reached XP level 5. HP: 38/38 MP: 5/10
  2130 | D:3      | Found Ydaomum's Antique Armour Emporium.
  2566 | D:1      | Bought a potion of degeneration for 10 gold pieces
  2567 | D:1      | Bought a potion of flight for 30 gold pieces
  2591 | D:1      | Bought a scroll of identify for 28 gold pieces
  2707 | D:4      | Found a staircase to the Ecumenical Temple.
  2724 | Temple   | Entered the Ecumenical Temple
  2774 | Temple   | Became a worshipper of Vehumet
  2903 | D:4      | Reached skill level 2 in Translocations
  2935 | D:4      | Reached XP level 6. HP: 37/45 MP: 2/11
  2989 | D:4      | Reached skill level 4 in Spellcasting
  3204 | D:4      | Reached skill level 4 in Conjurations
  3724 | D:1      | Bought 2 potions of curing for 60 gold pieces
  3830 | D:5      | Entered Level 5 of the Dungeon
  3839 | D:5      | Reached skill level 3 in Translocations
  4023 | D:5      | Your scales start taking on a dull iron-grey colour.
  4023 | D:5      | Reached XP level 7. HP: 50/50 MP: 8/13
  4028 | D:5      | Learned a level 4 spell: Flame Wave
  4575 | D:5      | Identified the +1 trident of Valiance {pain, Drain Fly
                  | rCorr SInv}
  4590 | D:5      | Reached skill level 5 in Conjurations
  4721 | D:5      | Reached skill level 1 in Evocations
  4755 | D:5      | Reached * piety under Vehumet
  4755 | D:5      | Offered knowledge of Sandblast by Vehumet.
  4768 | D:5      | Reached skill level 5 in Spellcasting
  4772 | D:5      | Reached skill level 4 in Fire Magic
  5009 | D:1      | Bought a potion of heal wounds for 70 gold pieces
  5127 | D:6      | Reached XP level 8. HP: 57/57 MP: 8/16
  5157 | D:6      | Found a shimmering blue altar of Sif Muna.
  5210 | D:6      | Reached skill level 2 in Evocations
  5425 | D:6      | Reached skill level 6 in Conjurations
  5509 | D:6      | Reached skill level 5 in Fire Magic
  5600 | D:6      | Reached skill level 6 in Spellcasting
  5747 | D:7      | Noticed Joseph
  5773 | D:7      | Noticed Duvessa
  5780 | D:7      | Identified the +1 robe of Naip Tomm {+Blink rF- Slay+2
                  | SInv}
  5800 | D:7      | Reached skill level 3 in Evocations
  6001 | D:7      | Identified the +8 trident of Contention {freeze, Stlth+}
  6009 | D:7      | Found a flagged portal.
  6018 | Bailey   | Entered a bailey
  6038 | Bailey   | Reached XP level 9. HP: 20/62 MP: 9/18
  6195 | Bailey   | Reached skill level 7 in Conjurations
  6197 | Bailey   | Reached skill level 6 in Fire Magic
  6229 | Bailey   | Reached ** piety under Vehumet
  6388 | Bailey   | Noticed a vault guard
  6388 | Bailey   | Noticed Prince Ribbit
  6405 | Bailey   | Your ally Prince Ribbit died
  6413 | Bailey   | Noticed a vault guard
  6516 | Bailey   | Offered knowledge of Shock by Vehumet.
  6517 | Bailey   | Reached skill level 7 in Spellcasting
  6552 | Bailey   | Killed a vault guard
  6553 | Bailey   | Reached skill level 7 in Fire Magic
  6553 | Bailey   | Reached skill level 4 in Evocations
  6557 | Bailey   | Killed a vault guard
  6558 | Bailey   | Reached skill level 8 in Conjurations
  6558 | Bailey   | Reached XP level 10. HP: 23/69 MP: 6/21
  7047 | D:1      | Bought a potion of might for 40 gold pieces
  7047 | D:1      | Bought a potion of lignification for 30 gold pieces
  7047 | D:1      | Bought a potion of brilliance for 40 gold pieces
  7047 | D:1      | Bought a potion of invisibility for 80 gold pieces
  7252 | D:7      | Noticed Menkaure
  7263 | D:7      | Killed Menkaure
  7889 | D:7      | Noticed Dowan
  8557 | D:8      | Reached skill level 8 in Spellcasting
  8561 | D:8      | Learned a level 3 spell: Inner Flame
  8794 | D:8      | Found a staircase to the Lair.
  8813 | D:8      | Offered knowledge of Searing Ray by Vehumet.
  9076 | D:8      | Found Cygrok's Jewellery Emporium.
  9092 | D:8      | Reached skill level 8 in Fire Magic
  9092 | D:8      | Reached skill level 5 in Evocations
  9238 | D:8      | Reached skill level 1 in Hexes
  9748 | D:1      | Bought a potion of ambrosia for 112 gold pieces
  9948 | D:9      | Reached *** piety under Vehumet
 10129 | D:9      | Reached skill level 9 in Conjurations
 10231 | D:9      | Learned a level 2 spell: Searing Ray
 10238 | D:9      | Learned a level 6 spell: Iron Shot
 10252 | D:9      | You fall into a shaft and drop 1 floor!
 10252 | D:10     | Entered Level 10 of the Dungeon
 10332 | D:10     | Paralysed by a hornet for 3 turns
 10666 | D:10     | Reached skill level 1 in Earth Magic
 10705 | D:10     | Found a bloodstained altar of Trog.
 10780 | D:9      | Noticed a white ugly thing
 10780 | D:9      | Noticed a two-headed ogre
 11069 | D:9      | Reached skill level 2 in Hexes
 11070 | D:9      | Offered knowledge of Sticky Flame by Vehumet.
 11153 | D:9      | Learned a level 4 spell: Sticky Flame
 11222 | D:9      | Noticed a death knight
 11229 | D:9      | Mangled by a death knight

Illustrated notes

Levels and vault maps discovered:
D:1:      psy_arrival_fountain, layout_basic, serial_shops,
          nicolae_shop_temple_entry_statues_fountains, nicolae_square_shop,
          shop, nicolae_shop_window_shopping, nicolae_shop_hallway_plus,
          ebering_ecumenical_altar_rust, chequers_serial_rivers_small_3
D:2:      layout_basic, uniq_jessica
D:3:      layout_basic, serial_shops, shop, uniq_natasha, uniq_pargi
D:4:      minmay_recursive_quarters, layout_cave_pools,
          minmay_temple_entry_large_hall
D:5:      layout_basic, minmay_misc_feat_x
D:6:      layout_basic, mainiacjoe_overflow_concentric_impassable
D:7:      layout_loops_corners, nicolae_elyvilon_temple_path, enter_bailey_3,
          uniq_joseph, uniq_duvessa, uniq_menkaure
D:8:      layout_basic, erik_lair_orcish_takeover, serial_shops,
          nicolae_take_the_stairs
D:9:      minmay_curly_fans, layout_loops_ring, kennysheep_mini_moat,
          serial_shops, nicolae_shop_crystal
D:10:     layout_roguey, mainiacjoe_overflow_catwalk, david_orc_1_choice
D:11:     layout_grid_maze
Temple:   hc_temple_tempest_star

Skill      XL: |  1  2  3  4  5  6  7  8  9 10 |
---------------+-------------------------------+-----
Conjurations   | 2 3 4 5 6 8 9 |  9.3
Spellcasting   | 3 4 5 6 7 8 |  8.7
Translocations | 1 2 3 |  3.0
Evocations     | 1 3 4 5 |  5.5
Fire Magic     | 4 5 7 8 |  8.7
Hexes          | 2 |  2.1
Earth Magic    | 1 |  1.4
Dodging        | |  1.7
Stealth        | |  1.7

Action                   |  1- 3 |  4- 6 |  7- 9 | 10-12 || total
-------------------------+-------+-------+-------+-------++-------
Melee: Unarmed           |    14 |       |       |       ||    14
       Tailslap          |     4 |     3 |     9 |       ||    16
       Short sword       |     6 |    30 |     4 |       ||    40
       Trident           |       |       |    81 |    10 ||    91
Throw: Dart              |       |       |       |     1 ||     1
 Cast: Foxfire           |     9 |       |       |       ||     9
       Scorch            |    26 |    72 |    93 |   151 ||   342
       Kindle Blastspark |       |       |     6 |    11 ||    17
       Sticky Flame      |       |       |       |     2 ||     2
Evoke: Wand              |       |       |     9 |     5 ||    14
  Use: Potion            |       |       |     2 |     1 ||     3
       Scroll            |       |       |    13 |       ||    13
 Stab: Sleeping          |       |     2 |    10 |       ||    12
       Distracted        |       |       |     1 |       ||     1
Armor: Skin              |    13 |    21 |    81 |    47 ||   162
Dodge: Dodged            |    13 |    35 |    93 |    60 ||   201

Table legend: (Time is in decaauts)
 A = Elapsed time spent in this place.
 B = Non-inter-level travel time spent in this place.
 C = Inter-level travel time spent in this place.
 D = Time resting spent in this place.
 E = Time spent auto-exploring this place.
 F = Levels seen in this place.
 G = Mean time per level.
                   A        B        C        D        E       F      G
               +--------+--------+--------+--------+--------+-----+--------+
         Total |  11307 |   9799 |   1508 |   2299 |   5381 |  13 |  869.8 |
       Dungeon |  10467 |   8975 |   1492 |   1857 |   5278 |  11 |  951.5 |
        Temple |     65 |     50 |     15 |      0 |     40 |   1 |   65.0 |
        Bailey |    774 |    774 |      0 |    442 |     63 |   1 |  774.0 |
               +--------+--------+--------+--------+--------+-----+--------+

Top non-repeatable levels by time:
     D:8: 1599 daAuts
     D:1: 1398 daAuts
     D:7: 1301 daAuts
     D:3: 1209 daAuts
     D:4: 1080 daAuts
     D:2: 954 daAuts
     D:5: 875 daAuts
  Bailey: 774 daAuts
    D:10: 711 daAuts
     D:6: 702 daAuts
     D:9: 542 daAuts
    D:11: 92 daAuts
  Temple: 65 daAuts
